 Dungeon Crawl Stone Soup version 0.28-a0-258-g8de209e91f (webtiles) character file.

Game seed: 12637342530975304740

56 aSlayers the Skirmisher (level 3, -11/33 HPs)
             Began as a Draconian Abyssal Knight on Aug 26, 2021.
             Was a Follower of Lugonu.
             Mangled by an ogre (20 damage)
             ... on level 2 of the Dungeon.
             The game lasted 00:04:54 (2162 turns).

aSlayers the Skirmisher (Draconian Abyssal Knight)  Turns: 2162, Time: 00:04:54

Health: -11/33     AC:  5    Str: 15    XL:     3   Next: 69%
Magic:  4/4        EV: 12    Int: 12    God:    Lugonu [*.....]
Gold:   45         SH:  0    Dex: 10    Spells: 2/2 levels left

rFire   . . .      SeeInvis .   a - +1 spear
rCold   . . .      Faith    .   (no shield)
rNeg    . . .      Spirit   .   (armour unavailable)
rPois   .          Reflect  .   (helmet restricted)
rElec   .          Harm     .   (no cloak)
rCorr   .          Rampage  .   (no gloves)
Will    .....                   (no boots)
Stlth   +.........              (no amulet)
HPRegen 0.11/turn               (no ring)
MPRegen 0.09/turn               (no ring)

@: no status effects
A: AC +5, unfitting armour, cold-blooded
a: Renounce Religion, Depart the Abyss


You were on level 2 of the Dungeon.
You worshipped Lugonu.
Lugonu was aware of your devotion.
You visited 1 branch of the dungeon, and saw 3 of its levels.
You visited the Abyss 1 time.

You collected 45 gold pieces.

Inventory:

Hand Weapons
 a - a +1 spear (weapon)
Scrolls
 c - 4 scrolls of amnesia
Potions
 b - a potion of curing {unknown}
 d - a potion of brilliance
 g - a potion of attraction {unknown}
 h - a potion of berserk rage {unknown}


   Skills:
 + Level 4.0 Fighting
 + Level 2.7 Polearms
 + Level 2.7 Dodging
 + Level 0.2 Stealth
 + Level 2.3 Invocations


You had 2 spell levels left.
You didn't know any spells.
Your spell library was empty.

Dungeon Overview and Level Annotations

Branches:
Dungeon (3/15)

Altars:


Innate Abilities, Weirdness & Mutations

Your plain brown scales are hard. (AC +5)
You cannot fit into any form of body armour.
You are cold-blooded and may be slowed by cold attacks.


Message History

Your Fighting skill increases to level 4!
You see here a hobgoblin corpse.
Unknown command.
You see here a +0 club.
You start resting.
HP restored.
As you read the scroll labelled NUENIOSTROZ, it crumbles to dust.
It is a scroll of enchant armour.
You aren't carrying any armour which can be enchanted further.
Unknown command.
As you read the scroll labelled MAAPHUN XACS, it crumbles to dust.
You hear a loud clanging noise!
It was a scroll of noise.
Done exploring.
Done exploring.
Done exploring.
You see here a +0 club.
You see here a +0 short sword.
There is a stone staircase leading down here.
You climb downwards.
There is a stone staircase leading up here.
Found 32 arrows.
You see here 32 arrows.
The ogre shouts!
The ogre hits you with a +0 giant club!!
Ouch! That really hurt!
You hit the ogre.
The ogre is lightly wounded.
The ogre hits you with a +0 giant club.
* * * LOW HITPOINT WARNING * * *
You puncture the ogre!
The ogre is moderately wounded.
You hit the ogre. You tail-slap the ogre.
The ogre is heavily wounded.
The ogre barely misses you.
You hit the ogre.
The ogre is severely wounded.
The ogre hits you with a +0 giant club!!
Ouch! That really hurt!
You die...

........#.####...##.##...........
..........##...#.........####'###
........###..###.........#
........###.## #.....>)..#
.......(....# ##........#
.....#...#### #........#
.....#.### ####[..#.# ..<..#.#
###....#...# .......#
#.@O#....#.#
#####.#########.###(O..#^########
##.......(....# #....#.........
##..############ ..#...###..#
##...# .......<.... #..###
.$###..O.... #### #...>...
########


You could see an ogre.

Vanquished Creatures
  2 adders
  A worm (D:2)
  3 ball pythons
  3 endoplasms
  6 goblins
  2 hobgoblins (D:1)
  4 kobolds
  6 bats
  2 frilled lizards
  4 rats
33 creatures vanquished.

Notes
Turn   | Place    | Note
-------+----------+-------------------------------------------
     0 | Abyss:1  | aSlayers the Draconian Abyssal Knight began the quest for
                  | the Orb.
     0 | Abyss:1  | Reached XP level 1. HP: 19/19 MP: 2/2
     0 | D:1      | Escaped the Abyss
   379 | D:1      | Reached XP level 2. HP: 17/26 MP: 3/3
   384 | D:1      | Reached * piety under Lugonu
  1085 | D:2      | Noticed an ogre
  1161 | D:2      | Reached XP level 3. HP: 17/33 MP: 4/4
  1855 | D:1      | Reached skill level 4 in Fighting
  2162 | D:2      | Mangled by an ogre

Illustrated notes

Levels and vault maps discovered:
D:1:      mainiacjoe_arrival_reflecting_pool, layout_loops_ring
D:2:      layout_rooms, hellmonk_ecumenical_altar_inner_sanctum
D:3:      layout_loops_cross, gammafunk_ghost_grave, grunt_ministairs_1,
          minmay_misc_feat_plants

Skill      XL: |  1  2  3 |
---------------+----------+-----
Fighting       | 4 |  4.0
Polearms       | |  2.7
Dodging        | |  2.7
Stealth        | |  0.2
Invocations    | |  2.3

Action                   || total
-------------------------++-------
Melee: Spear             ||   106
       Tailslap          ||     8
Invok: Depart the Abyss  ||     1
  Use: Scroll            ||     4
 Stab: Sleeping          ||     1
Armor: Skin              ||    74
Dodge: Dodged            ||   137

Table legend: (Time is in decaauts)
 A = Elapsed time spent in this place.
 B = Non-inter-level travel time spent in this place.
 C = Inter-level travel time spent in this place.
 D = Time resting spent in this place.
 E = Time spent auto-exploring this place.
 F = Levels seen in this place.
 G = Mean time per level.
                   A        B        C        D        E       F      G
               +--------+--------+--------+--------+--------+-----+--------+
         Total |   2168 |   2168 |      0 |    186 |   1368 |   4 |  542.0 |
       Dungeon |   2168 |   2168 |      0 |    186 |   1368 |   3 |  722.7 |
         Abyss |      0 |      0 |      0 |      0 |      0 |   1 |    0.0 |
               +--------+--------+--------+--------+--------+-----+--------+

Top non-repeatable levels by time:
     D:1: 1397 daAuts
     D:2: 736 daAuts
     D:3: 34 daAuts
